 Dungeon Crawl Stone Soup version 0.29-a0-25-g7f48f510a0 (webtiles) character file.

Game seed: 14864418688775619180

116 HallandMoats the Skirmisher (level 5, -3/37 HPs)
             Began as an Octopode Monk on Jan 31, 2022.
             Was an Elder of Jiyva.
             Slain by Grinder (8 damage)
             ... on level 3 of the Dungeon.
             The game lasted 00:02:49 (1883 turns).

HallandMoats the Skirmisher (Octopode Monk)         Turns: 1883, Time: 00:02:49

Health: -3/37      AC:  1    Str: 11    XL:     5   Next: 0%
Magic:  6/6        EV: 14    Int: 16    God:    Jiyva [****..]
Gold:   96         SH:  0    Dex: 16    Spells: 4/4 levels left

rFire   . . .      SeeInvis .   a - +0 spear
rCold   + + .      Faith    .   (no shield)
rNeg    . . .      Spirit   .   (helmet restricted)
rPois   .          Reflect  .   (no amulet)
rElec   .          Harm     .   (no ring)
rCorr   +          Rampage  .   (no ring)
Will    .....                   (no ring)
Stlth   +++.......              (no ring)
HPRegen 1.40/turn               (no ring)
MPRegen 0.50/turn               (no ring)
                                (no ring)
                                (no ring)

@: no status effects
A: almost no armour, amphibious, 8 rings, camouflage 1, gelatinous body 1,
(nimble swimmer 1), tentacles, clever 2, cold resistance 2
a: Renounce Religion, Oozemancy, Slimify


You were on level 3 of the Dungeon.
You worshipped Jiyva.
Jiyva was greatly pleased with you.
You visited 1 branch of the dungeon, and saw 3 of its levels.

You collected 96 gold pieces.

Inventory:

Hand Weapons
 a - a +0 spear (weapon)
Magical Staves
 j - a staff of death
Jewellery
 h - a ring of ice
Scrolls
 c - a scroll of teleportation {unknown}
 d - a scroll of fear
 e - a scroll of amnesia {unknown}
 f - a scroll of brand weapon {unknown}
 k - a scroll of magic mapping {unknown}
Potions
 b - a potion of mutation {unknown}
 g - a potion of curing {unknown}
 i - a potion of lignification {unknown}


   Skills:
 * Level 4.0 Fighting
 * Level 4.0 Polearms
 + Level 3.5 Dodging
 - Level 2.6 Stealth
 + Level 1.8 Invocations


You had 4 spell levels left.
You didn't know any spells.
Your spell library contained the following spells:

 Spells                   Type           Power      Damage    Failure   Level
 Ozocubu's Armour         Ice            0%         N/A       58%         3
 Ozocubu's Refrigeration  Ice            0%         4d5       100%        7


Dungeon Overview and Level Annotations

Branches:
Dungeon (3/15)

Altars:
Jiyva

Shops:
D:1 ?

Annotations:
D:3 3 runed translucent doors, Bediveer's ghost, amateur OpTm; Grinder


Innate Abilities, Weirdness & Mutations

You cannot wear most types of armour.
You are amphibious.
You can wear up to eight rings at the same time.
Your skin changes colour to match your surroundings (Stealth+).
Your rubbery body absorbs attacks. (AC +1, EV +1)
((You are camouflaged when in or above water. (Stealth+)))
You have tentacles for arms and can constrict up to eight enemies at once.
Your mind is very acute. (Int +4)
Your flesh is very cold resistant. (rC++)


Message History

The adder is moderately wounded.
You constrict the adder, but do no damage.
You feel sick. The adder barely misses you.
You barely miss the adder. You squeeze the adder!
You kill the adder!
You feel sick.
Grinder says, "DUCK!"
Grinder gestures at you.
You suddenly lose the ability to move!
Your Fighting skill increases to level 4!
Your Polearms skill increases to level 4!
You have reached level 5!
You feel stronger.
You feel sick.
You feel sick.
You are no longer poisoned.
Grinder gestures at you.
You shrug off the repeated paralysis!
Grinder hits you!
You writhe in agony.
Grinder gestures at you. Pain shoots through your body! Grinder hits you!
* * * LOW HITPOINT WARNING * * *
You writhe in agony.
* * * LOW HITPOINT WARNING * * *
You can move again.
You hit Grinder but do no damage. Your grab misses Grinder. Grinder hits you.
* * * LOW HITPOINT WARNING * * *
You closely miss Grinder. You grab Grinder. You squeeze Grinder.
Grinder is lightly wounded.
You constrict Grinder. Grinder misses you.
Unknown command.
You hit Grinder.
Grinder is moderately wounded.
You constrict Grinder, but do no damage.
Unknown command.
You barely miss Grinder. You squeeze Grinder, but do no damage.
Grinder is moderately wounded.
You constrict Grinder. Grinder hits you!
You die...

#.........# #.#
####.. #########.##
#.# ...... #..# #.#
#####. .## ##.# #.#
.ยง..#######.## #.#
.........#...####.#
######S...#........#
#....####.#...######
#....@5...#..##
#.####....#.##
#....######.#
#.........#.# #####
######....#.# .....
####.#.# ####. #...#
####. ##### .....


You could see Grinder.

Vanquished Creatures
  A bullfrog skeleton (D:3)
  Jessica (D:1)
  An adder (D:3)
  A worm (D:3)
  A dart slug (D:1)
  An orc (D:3)
  3 ball pythons (D:1)
  2 endoplasms (D:1)
  A giant cockroach (D:3)
  7 goblins
  5 hobgoblins
  5 jackals
  3 bats
  4 frilled lizards
  3 kobolds
  7 rats
46 creatures vanquished.

Vanquished Creatures (others)
  An adder (D:2)
  A ball python (D:2)
  2 bats
  An endoplasm (D:2)
  A goblin (D:2)
  A hobgoblin (D:2)
7 creatures vanquished.

Grand Total: 53 creatures vanquished

Notes
Turn   | Place    | Note
-------+----------+-------------------------------------------
     0 | D:1      | HallandMoats the Octopode Monk began the quest for the Orb.
     0 | D:1      | Reached XP level 1. HP: 16/16 MP: 1/1
   306 | D:1      | Reached XP level 2. HP: 21/21 MP: 2/2
   315 | D:1      | Found Puilats's Magic Scroll Shoppe.
   455 | D:1      | Found a faded altar of an unknown god.
   466 | D:1      | Reached skill level 1 in Invocations
   629 | D:1      | Prayed at the altar of an unknown god.
   629 | D:1      | Became a worshipper of Jiyva Joiloufo the Shapeless
   629 | D:1      | Reached * piety under Jiyva
   629 | D:1      | Reached ** piety under Jiyva
   783 | D:1      | Reached *** piety under Jiyva
   795 | D:1      | Reached XP level 3. HP: 20/26 MP: 3/3
   835 | D:1      | Gained mutation: Your mind is acute. (Int +2) [Jiyva's
                  | grace]
   835 | D:1      | Gained mutation: Your mind is very acute. (Int +4) [Jiyva's
                  | grace]
   835 | D:1      | Gained mutation: Your flesh is cold resistant. (rC+)
                  | [Jiyva's grace]
   835 | D:1      | Gained mutation: Your flesh is very cold resistant. (rC++)
                  | [Jiyva's grace]
   941 | D:2      | Noticed Jessica
   955 | D:1      | Killed Jessica
  1119 | D:2      | Reached XP level 4. HP: 32/32 MP: 5/5
  1346 | D:3      | Reached **** piety under Jiyva
  1472 | D:3      | Found a runed translucent gate.
  1472 | D:3      | Found a runed translucent gate.
  1473 | D:3      | Found a runed translucent gate.
  1476 | D:3      | Noticed Bediveer's ghost (amateur OpTm)
  1851 | D:3      | Noticed Grinder
  1872 | D:3      | Paralysed by Grinder for 7 turns
  1873 | D:3      | Reached XP level 5. HP: 32/37 MP: 6/6
  1880 | D:3      | HP: 1/37 [Grinder (5)]
  1883 | D:3      | Slain by Grinder

Illustrated notes

Levels and vault maps discovered:
D:1:      erik_arrival_triangle_small, layout_basic,
          hellmonk_ecumenical_altar_heavens_door, serial_shops,
          nicolae_shop_advertising_works [nicolae_subvault_shop_adworks]
D:2:      layout_rooms, uniq_jessica
D:3:      minmay_angry_zag, layout_loops_ring, gammafunk_ghost_split,
          uniq_grinder

Skill      XL: |  1  2  3  4 |
---------------+-------------+-----
Invocations    | 1 |  1.8
Fighting       | 4 |  4.0
Polearms       | 4 |  4.0
Dodging        | |  3.5
Stealth        | |  2.6

Action                   |  1- 3 |  4- 6 || total
-------------------------+-------+-------++-------
Melee: Spear             |    67 |    54 ||   121
       Constrict         |    10 |    10 ||    20
       Tentacles         |     6 |    11 ||    17
  Use: Scroll            |       |     1 ||     1
 Stab: Sleeping          |     8 |     8 ||    16
Armor: Skin              |     1 |     2 ||     3
Dodge: Dodged            |    23 |    23 ||    46

Table legend: (Time is in decaauts)
 A = Elapsed time spent in this place.
 B = Non-inter-level travel time spent in this place.
 C = Inter-level travel time spent in this place.
 D = Time resting spent in this place.
 E = Time spent auto-exploring this place.
 F = Levels seen in this place.
 G = Mean time per level.
                   A        B        C        D        E       F      G
               +--------+--------+--------+--------+--------+-----+--------+
         Total |   1874 |   1858 |     16 |    186 |   1273 |   3 |  624.7 |
       Dungeon |   1874 |   1858 |     16 |    186 |   1273 |   3 |  624.7 |
               +--------+--------+--------+--------+--------+-----+--------+

Top non-repeatable levels by time:
     D:1: 950 daAuts
     D:3: 532 daAuts
     D:2: 391 daAuts
